Map: [TLMC19] Dynasty

Players

Harstem - Winner!

  • Race: Protoss Protoss
  • League: Grandmaster
  • Spawn Location: 1:00

Wayne (Vanya)

  • Race: Zerg Zerg
  • League: Master
  • Spawn Location: 7:00

VOD

Have the link to the VOD?

Description

Time

  • Played on: Dec. 21, 2023, 6:14 a.m.
  • Length: 8:26
Show
View Real Time Build Order
Export as new Build Order

Harstem Protoss - Winner!

Build Orders: Nexus First, Oracle Opening 

Get SALT Encoding   

  12  0:00  Probe  
  13  0:12  Probe  
  14  0:18  Pylon  
  14  0:24  Probe  
  15  0:36  Probe  
  16  0:55  Nexus  
  16  1:05  Gateway  
  16  1:07  Probe (Chrono Boost)  
  17  1:17  Assimilator  
  17  1:18  Probe (Chrono Boost)  
  18  1:23  Probe (Chrono Boost)  
  19  1:26  Assimilator  
  19  1:34  Probe (Chrono Boost)  
  19  1:38  Gateway  
  20  1:42  Probe (Chrono Boost)  
  21  1:48  Probe  
  21  1:53  Cybernetics Core  
  22  2:00  Probe  
  23  2:08  Probe  
  24  2:12  Probe  
  25  2:19  Pylon  
  25  2:20  Probe  
  26  2:24  Probe  
  26  2:27  Adept x2 (Chrono Boost)  
  31  2:32  Probe  
  32  2:38  Stargate  
  32  2:41  Probe  
  32  2:43  Warp Gate  
  33  2:47  Probe  
  34  2:53  Adept  
  34  2:56  Probe  
  39  3:03  Probe  
  40  3:06  Pylon  
  40  3:11  Probe  
  41  3:16  Probe  
  42  3:20  Oracle (Chrono Boost)  
  42  3:22  Nexus  
  42  3:25  Probe  
  44  3:28  Probe  
  44  3:31  Pylon  
  45  3:37  Probe  
  45  3:41  Assimilator  
  46  3:42  Probe  
  46  3:47  Oracle (Chrono Boost)  
  47  3:49  Probe  
  47  3:54  Gateway, Probe  
  52  3:58  Gateway  
  52  4:03  Twilight Council  
  52  4:05  Probe  
  52  4:07  Probe  
  54  4:17  Probe  
  54  4:19  Probe  
  54  4:20  Pylon  
  56  4:29  Probe  
  57  4:31  Probe  
  57  4:32  Stalker x2, Pylon  
  57  4:34  Pylon  
  57  4:36  Probe  
  59  4:39  Blink (Chrono Boost)  
  59  4:41  Probe  
  59  4:43  Probe  
  61  4:48  Probe  
  61  4:50  Assimilator  
  62  4:53  Probe  
  62  4:54  Stalker x2  
  62  4:56  Stalker x2, Probe  
  72  5:00  Probe  
  72  5:03  Assimilator  
  72  5:05  Probe  
  74  5:07  Forge  
  74  5:09  Probe  
  76  5:22  Stalker x3, Pylon  
  76  5:23  Stalker  
  76  5:26  Probe  
  76  5:27  Probe  
  85  5:30  Pylon  
  85  5:33  Protoss Ground Weapons Level 1 (Chrono Boost), Probe  
  86  5:38  Probe  
  87  5:47  Nexus  
  86  5:50  Stalker x3  
  86  5:54  Stalker  
  86  5:56  Probe x2  
  96  6:00  Probe  
  97  6:08  Gateway, Probe x2  
  97  6:10  Gateway  
  99  6:13  Zealot  
  99  6:14  Stalker x2  
  101  6:20  Probe  
  96  6:27  Probe  
  96  6:29  Probe  
  96  6:31  Stalker  
  100  6:33  Probe  
  100  6:34  Gateway, Templar Archives  
  100  6:35  Gateway  
  100  6:38  Stalker, Nexus  
  100  6:39  Zealot, Probe  
  106  6:43  Pylon  
  106  6:46  Probe  
  107  6:47  Pylon  
  107  6:48  Probe  
  107  6:53  Zealot  
  107  6:56  Zealot  
  99  7:05  Stalker x4  
  99  7:06  Probe x2  
  109  7:11  Probe  
  106  7:15  Nexus  
  106  7:18  Probe  
  106  7:20  Stalker x2  
  111  7:25  Photon Cannon  
  111  7:28  Shield Battery  
  111  7:29  Photon Cannon  
  111  7:31  Stalker x3  
  115  7:48  Stalker x5  
  119  7:59  Stalker x3  
  119  8:02  Pylon  
  119  8:03  Pylon  
  125  8:08  Probe  
Show
View Real Time Build Order
Export as new Build Order

Wayne Zerg 

Build Orders: Hatch First 

Get SALT Encoding   

  12  0:00  Drone  
  13  0:11  Overlord  
  13  0:16  Drone  
  14  0:30  Drone x2  
  16  0:47  Hatchery  
  15  0:51  Drone  
  15  0:55  Drone  
  17  0:57  Drone  
  18  1:09  Extractor  
  17  1:13  Spawning Pool  
  17  1:16  Drone  
  17  1:19  Drone  
  18  1:28  Drone  
  19  1:38  Drone  
  20  1:49  Drone  
  21  1:59  Queen  
  21  2:00  Drone, Queen  
  21  2:01  Overlord  
  26  2:12  Drone x2  
  28  2:21  Hatchery  
  27  2:24  Drone  
  27  2:26  Drone  
  29  2:31  Drone  
  29  2:35  Queen  
  32  2:41  Metabolic Boost  
  32  2:44  Overlord  
  32  2:47  Zergling x2  
  32  2:49  Zergling x2  
  34  2:53  Zergling x4  
  36  3:04  Queen  
  38  3:08  Drone x3  
  38  3:09  Overlord  
  41  3:14  Zergling x2  
  41  3:15  Drone  
  43  3:20  Drone  
  44  3:29  Queen  
  46  3:34  Drone, Queen  
  46  3:36  Drone x3  
  52  3:42  Spore Crawler  
  52  3:43  Zergling x2  
  52  3:48  Overlord  
  52  3:51  Drone x2  
  52  3:52  Drone  
  55  3:57  Drone x2  
  57  4:03  Drone  
  57  4:05  Overlord  
  57  4:06  Spore Crawler  
  57  4:09  Drone x3  
  60  4:16  Overlord  
  60  4:17  Zergling x2  
  60  4:19  Drone  
  60  4:20  Drone x2  
  60  4:22  Drone  
  65  4:24  Roach Warren  
  65  4:25  Drone  
  65  4:34  Zergling x4  
  65  4:35  Drone x3  
  65  4:37  Lair  
  67  4:40  Extractor  
  67  4:41  Extractor  
  67  4:44  Drone x6  
  67  4:45  Evolution Chamber  
  68  4:47  Drone x2  
  70  4:54  Extractor  
  70  4:55  Drone x3  
  70  4:56  Overlord  
  70  4:59  Drone x2  
  74  5:09  Overlord  
  74  5:10  Zerg Melee Weapons Level 1  
  74  5:11  Roach x3  
  80  5:16  Overlord  
  80  5:20  Zergling x6  
  83  5:27  Zergling x14  
  89  5:31  Zergling x2  
  89  5:32  Zergling x2  
  89  5:33  Hatchery, Ravager x3  
  91  5:37  Overlord  
  91  5:41  Drone  
  92  5:47  Overlord  
  92  5:49  Zergling x12, Glial Reconstitution  
  97  5:59  Roach x3  
  101  6:11  Zergling x6, Roach x3  
  101  6:16  Zergling x2  
  101  6:17  Zergling x4  
  103  6:24  Zergling x4, Roach x2  
  98  6:33  Drone  
  98  6:35  Zergling x6  
  102  6:41  Roach x4  
  110  6:50  Zergling x6  
  104  6:57  Zergling x4  
  104  7:01  Queen  
  99  7:03  Zergling x2  
  99  7:04  Zergling x4  
  95  7:11  Roach x6  
  94  7:18  Roach x2  
  96  7:24  Drone x2  
  96  7:29  Ravager x3  
  101  7:30  Drone  
  101  7:31  Drone x2  
  104  7:40  Roach x7  
  113  7:44  Zergling x8  
  112  7:53  Zergling x10  
  112  7:57  Roach  
  110  8:00  Roach  
  110  8:01  Roach  
  110  8:03  Zergling x2  
Tags
 
Add a new tag
Caveats
  • Supply blocks, unpowered buildings, or Contaminate may cause inaccurate times.
  • Supply counts are checked every 10 seconds.